 Dungeon Crawl Stone Soup version 0.28-a0-653-g7e9dba17c3 (webtiles) character file.

Game seed: 11258897443075691392

612 flotson the Skirmisher (level 7, -1/55 HPs)
             Began as a Demonspawn Delver on Oct 11, 2021.
             Slain by an ogre (25 damage)
             ... on level 5 of the Dungeon.
             The game lasted 00:04:56 (5209 turns).

flotson the Skirmisher (Demonspawn Delver)          Turns: 5209, Time: 00:04:57

Health: -1/55      AC:  6    Str: 14    XL:     7   Next: 20%
Magic:  7/7        EV:  7    Int: 11    God:
Gold:   226        SH: 15    Dex: 15    Spells: 6/6 levels left

rFire   . . .      SeeInvis +   a - +1 hand axe (elec)
rCold   . . .      Faith    .   s - +0 tower shield
rNeg    . . .      Spirit   .   k - +0 ring mail
rPois   .          Reflect  .   (helmet restricted)
rElec   .          Harm     .   (no cloak)
rCorr   .          Rampage  .   (no gloves)
Will    .....                   p - +0 pair of boots
Stlth   ++........              r - amulet of regeneration
HPRegen 1.18/turn               i - ring of see invisible
MPRegen 0.10/turn               (no ring)

@: no status effects
A: horns 1, large bone plates 1, demonic guardian 1
a: no special abilities


You were on level 5 of the Dungeon.
You visited 1 branch of the dungeon, and saw 5 of its levels.

You collected 226 gold pieces.

Inventory:

Hand Weapons
 a - a +1 hand axe of electrocution (weapon)
Missiles
 o - 2 poisoned darts (quivered)
Armour
 k - a +0 ring mail (worn)
 p - a +0 pair of boots (worn)
 s - a +0 tower shield (worn)
Jewellery
 i - a ring of see invisible (left hand)
 r - an amulet of regeneration (around neck)
Wands
 g - a wand of digging (3)
 h - a wand of acid (6)
Scrolls
 b - a scroll of brand weapon {unknown}
 c - a scroll of fog
 e - a scroll of torment {unknown}
 j - a scroll of immolation {unknown}
 l - 3 scrolls of teleportation {unknown}
 q - 2 scrolls of fear
 v - a scroll of enchant weapon {unknown}
 w - a scroll of silence {unknown}
 x - a scroll of amnesia {unknown}
 y - a scroll of noise {unknown}
Potions
 d - a potion of curing {unknown}
 f - 2 potions of haste
 m - a potion of flight {unknown}
 n - 2 potions of attraction {unknown}
 t - a potion of cancellation {unknown}
 u - a potion of brilliance {unknown}


   Skills:
 + Level 4.6 Fighting
 + Level 3.6 Axes
 + Level 2.2 Throwing
 + Level 3.0 Armour
 + Level 3.6 Dodging
 - Level 4.5 Stealth
 + Level 0.6 Shields


You had 6 spell levels left.
You didn't know any spells.
Your spell library contained the following spells:

 Spells                   Type           Power      Damage    Failure   Level
 Slow                     Hex            0%         N/A       100%        2
 Confusing Touch          Hex            0%         N/A       100%        3
 Hailstorm                Conj/Ice       0%         3d3       100%        4
 Ice Form                 Ice/Tmut       0%         N/A       100%        4
 Alistair's Intoxication  Tmut/Pois      0%         N/A       100%        5
 Borgnjor's Vile Clutch   Necr/Erth      0%         N/A       100%        5
 Yara's Violent Unravell  Hex/Tmut       0%         3d3       100%        5
 Eringya's Noxious Bog    Tmut/Pois      0%         N/A       100%        6
 Simulacrum               Ice/Necr       0%         N/A       100%        6


Dungeon Overview and Level Annotations

Branches:
Dungeon (5/15)
 Temple: D:4-7

Altars:
Dithmenos
Kikubaaqudgha
Sif Muna
Yredelemnul


Innate Abilities, Weirdness & Mutations

You have a pair of small horns on your head.
You are partially covered in large bone plates. (SH +4)
A weak demonic guardian rushes to your aid.


Message History

You hit the hound zombie.
The hound zombie is lightly damaged.
The hound zombie bites you but does no damage. x3
You hit the hound zombie.
The hound zombie is lightly damaged.
You block the hound zombie's attack.
The hound zombie bites you but does no damage.
You hit the hound zombie.
Lightning courses through the hound zombie!
You destroy the hound zombie!
No target in view!
No target in view!
No target in view!
No target in view!
No target in view!
You open the door.
There is an open door here.
An ogre comes into view. It is wielding a +0 giant spiked club.
The ogre shouts!
The ogre hits you with a +0 giant spiked club!
You hit the ogre.
The ogre is lightly wounded.
You block the ogre's attack.
Your shield prevents you from hitting the ogre.
The ogre is lightly wounded.
The ogre hits you with a +0 giant spiked club!!
A demonic guardian appears!
You are too injured to fight recklessly!
You are too injured to fight recklessly!
You are too injured to fight recklessly!
You are too injured to fight recklessly!
You are too injured to fight recklessly!
You are too injured to fight recklessly!
You are too injured to fight recklessly!
You hit the ogre.
You headbutt the ogre, but do no damage.
The ogre is lightly wounded.
You block the ogre's attack.
Your shadow imp hits the ogre.
The ogre hits you with a +0 giant spiked club!!
You die...

*,,,,,,*,...#.,,*#...#....
*,.............,*#>..#....
*,.......*#....###.#######
*,.......*#....+.#.#*****
*,.......##....#.#.#,,,,##
***#...............+......
#......#......###......
***##....5O#......###......
*,,.......@#......'.+......
*,,....###.##.....###......
*.....,* #.##.....# #......
*#.....* #.##.....###......
#.....###...#.....##<.....
#.....#.....#.............
*#.....#.....#.............
*.......................#..
*..........................


You could see an ogre (ally target) and a friendly shadow imp (summoned).

Vanquished Creatures
  A black bear (D:5)
  A necrophage (D:4)
  2 scorpions (D:4)
  A howler monkey (D:4)
  A hound (D:4)
  An iguana (D:4)
  2 orc wizards
  A hound zombie (D:5)
  6 adders
  An ufetubus (D:5)
  An adder skeleton (D:4)
  A worm (D:3)
  3 dart slugs
  7 orcs
  7 bats
  7 endoplasms
  4 giant cockroaches
  6 goblins
  9 hobgoblins
  12 kobolds
  A quokka (D:4)
  7 ball pythons
  2 frilled lizards
  3 rats
87 creatures vanquished.

Vanquished Creatures (others)
  8 plants
8 creatures vanquished.

Grand Total: 95 creatures vanquished

Notes
Turn   | Place    | Note
-------+----------+-------------------------------------------
     0 | D:5      | flotson the Demonspawn Delver began the quest for the Orb.
     0 | D:5      | Reached XP level 1. HP: 18/18 MP: 1/1
     8 | D:5      | Noticed a black bear
    34 | D:5      | Noticed a sky beast
   127 | D:4      | Noticed a scorpion
   268 | D:2      | Gained mutation: You are partially covered in large bone
                  | plates. (SH +4) [demonic ancestry]
   268 | D:2      | Reached XP level 2. HP: 20/24 MP: 2/2
   787 | D:1      | Reached skill level 1 in Armour
   790 | D:1      | Reached XP level 3. HP: 20/29 MP: 3/3
  1562 | D:2      | Found a faded altar of an unknown god.
  2019 | D:2      | Gained mutation: You have a pair of small horns on your
                  | head. [demonic ancestry]
  2019 | D:2      | Reached XP level 4. HP: 30/35 MP: 4/4
  3156 | D:3      | Found a basalt altar of Yredelemnul.
  3156 | D:3      | Found an ancient bone altar of Kikubaaqudgha.
  3157 | D:3      | Found a shimmering blue altar of Sif Muna.
  3510 | D:4      | Killed a scorpion
  3511 | D:4      | Reached skill level 1 in Throwing
  3511 | D:4      | Reached XP level 5. HP: 28/42 MP: 5/5
  3888 | D:4      | Gained mutation: A weak demonic guardian rushes to your
                  | aid. [demonic ancestry]
  3888 | D:4      | Reached XP level 6. HP: 42/48 MP: 6/6
  5064 | D:5      | Found a shadowy altar of Dithmenos.
  5109 | D:5      | Reached XP level 7. HP: 55/55 MP: 7/7
  5209 | D:5      | Slain by an ogre

Illustrated notes

Levels and vault maps discovered:
D:1:      zaba_arrival_water, layout_basic
D:2:      layout_loops_ring, ebering_ecumenical_altar_petrified,
          serial_bayou_pond_c, st_stairs_12
D:3:      layout_basic, gammafunk_temple_overflow_forgotten,
          kennysheep_cluttered_room
D:4:      layout_layer_cave, chequers_jeans
D:5:      layout_basic, mainiacjoe_overflow_paths

Skill      XL: |  1  2  3  4  5  6 |
---------------+-------------------+-----
Dodging        | 2 3 |  3.6
Axes           | 2 3 |  3.6
Armour         | 1 2 3 |  3.0
Throwing       | 1 2 |  2.2
Fighting       | 4 |  4.6
Stealth        | |  4.5
Shields        | |  0.6

Action                   |  1- 3 |  4- 6 |  7- 9 || total
-------------------------+-------+-------+-------++-------
Melee: Hand axe          |   118 |   108 |     6 ||   232
       Headbutt          |       |    15 |     1 ||    16
Throw: Dart              |       |     2 |       ||     2
  Use: Scroll            |     2 |       |       ||     2
 Stab: Sleeping          |    10 |     2 |       ||    12
       Distracted        |       |     1 |       ||     1
Armor: Leather armour    |    20 |       |       ||    20
       Ring mail         |     3 |    36 |     4 ||    43
Dodge: Dodged            |    60 |    64 |       ||   124
Block: Other             |    23 |    10 |       ||    33
       Tower shield      |       |    20 |     4 ||    24

Table legend: (Time is in decaauts)
 A = Elapsed time spent in this place.
 B = Non-inter-level travel time spent in this place.
 C = Inter-level travel time spent in this place.
 D = Time resting spent in this place.
 E = Time spent auto-exploring this place.
 F = Levels seen in this place.
 G = Mean time per level.
                   A        B        C        D        E       F      G
               +--------+--------+--------+--------+--------+-----+--------+
         Total |   5286 |   5122 |    164 |    187 |   4129 |   5 | 1057.2 |
       Dungeon |   5286 |   5122 |    164 |    187 |   4129 |   5 | 1057.2 |
               +--------+--------+--------+--------+--------+-----+--------+

Top non-repeatable levels by time:
     D:4: 1385 daAuts
     D:3: 1288 daAuts
     D:2: 1250 daAuts
     D:1: 1100 daAuts
     D:5: 261 daAuts
